 Dungeon Crawl Stone Soup version 0.29.1-12-g30fa7ad0bf (webtiles) character file.

Game seed: 14389747430141466190

319 xzight the Chopper (level 6, -3/56 HPs)
             Began as a Hill Orc Fighter on Dec 27, 2022.
             Slain by an orc
             ... wielding a +0 hand axe
              (5 damage)
             ... on level 4 of the Dungeon.
             The game lasted 00:03:32 (2827 turns).

xzight the Chopper (Hill Orc Fighter)               Turns: 2827, Time: 00:03:32

Health: -3/56      AC:  7    Str: 21    XL:     6   Next: 45%
Magic:  6/6        EV:  9    Int:  8    God:
Gold:   243        SH:  4    Dex: 10    Spells: 5/5 levels left

rFire   . . .      SeeInvis .   a - +0 war axe
rCold   . . .      Faith    .   c - +0 buckler
rNeg    . . .      Spirit   .   b - +0 scale mail
rPois   .          Reflect  .   (no helmet)
rElec   .          Harm     .   (no cloak)
rCorr   +          Rampage  .   (no gloves)
Will    .....                   (no boots)
Stlth   ..........              (no amulet)
HPRegen 0.18/turn               R - ring of resist corrosion
MPRegen 0.10/turn               (no ring)

@: no status effects
A: no striking features
a: Convert to Beogh


You were on level 4 of the Dungeon.
You visited 1 branch of the dungeon, and saw 4 of its levels.

You collected 243 gold pieces.


   Skills:
 + Level 5.0 Fighting
 * Level 5.8 Axes
 + Level 4.5 Armour
 + Level 4.5 Shields


You had 5 spell levels left.
You didn't know any spells.
Your spell library was empty.

Inventory:

Hand Weapons
 a - a +0 war axe (weapon)
Armour
 b - a +0 scale mail (worn)
 c - a +0 buckler (worn)
Jewellery
 f - an amulet of faith {!P}
 L - a ring of flight
 R - a ring of resist corrosion (left hand)
Wands
 v - a wand of flame (9)
 w - a wand of digging (2)
Scrolls
 e - a scroll of magic mapping {unknown}
 g - a scroll of fog {unknown}
 h - 3 scrolls of enchant weapon {unknown}
 i - a scroll of brand weapon {unknown}
 j - a scroll of fear {unknown}
 l - 2 scrolls of identify {unknown}
 m - a scroll of amnesia {unknown}
 n - 3 scrolls of blinking {unknown}
 o - a scroll of silence {unknown}
 p - 2 scrolls of teleportation {unknown}
 q - a scroll of vulnerability {unknown}
Potions
 d - 2 potions of might
 k - 5 potions of curing {unknown}
 r - a potion of invisibility {unknown}
 s - 2 potions of berserk rage {unknown}
 t - 2 potions of attraction {unknown}
 u - a potion of haste {unknown}

Dungeon Overview and Level Annotations

Branches:
Dungeon (4/15)
 Temple: D:4-7

Altars:
Uskayaw

.....#####.##
.............
###...####.#
#..####.# ####
###...##.# #..
#.....##.#
###.#
#.....+..#
#...#
#........#
#o..#
###.....#).#
#@†o#
..#.....#..###
###.#
.....####....#
#.# )....#
##.#.#####)#
.....#
#....oh..o#
..####
####o.#########
..##
##..o......#
...#
##........#
...# #.Kh.....#


You could see an orc priest and an orc.


Message History

The hound bites you but does no damage. The hound bites you.
* * * LOW HITPOINT WARNING * * *
You closely miss the hound.
The hound is moderately wounded.
The hound barely misses you. The hound bites you.
* * * LOW HITPOINT WARNING * * *
The orc priest invokes the aid of Beogh against you.
Beogh smites you!
* * * LOW HITPOINT WARNING * * *
You barely miss the hound.
The hound is moderately wounded.
The hound bites you but does no damage. The hound closely misses you.
The hound attacks as you move away! The hound bites you but does no damage.
The orc priest invokes the aid of Beogh against you.
Beogh smites you!
* * * LOW HITPOINT WARNING * * *
The hound bites you but does no damage. The hound attacks as you move away!
The hound bites you but does no damage.
You hit the hound.
The hound is moderately wounded.
The hound bites you but does no damage. The hound misses you.
You hit the hound.
The hound is severely wounded.
The hound bites you but does no damage. You block the hound's attack.
You hit the hound.
You kill the hound!
You hit the orc.
The orc priest threatens, "By the altar or by the axe, you will meet Beogh!"
The orc hits you with a +0 hand axe.
You die...

Skill      XL: |  1  2  3  4  5  6 |
---------------+-------------------+-----
Axes           | 3 4 5 |  5.8
Fighting       | 4 5 |  5.0
Armour         | 4 |  4.5
Shields        | 4 |  4.5

Action                   |  1- 3 |  4- 6 || total
-------------------------+-------+-------++-------
Melee: War axe           |    89 |   119 ||   208
Armor: Scale mail        |    64 |    52 ||   116
Dodge: Dodged            |    43 |    39 ||    82
Block: Buckler           |    19 |    30 ||    49

Levels and vault maps discovered:
D:1:      dpeg_arrival_water_altar, layout_loops_ring
D:2:      layout_basic, uniq_terence
D:3:      layout_basic, marbit_many_paths, shapermc_ecumenical_altar_acropolis,
          grunt_ministairs_12
D:4:      layout_basic, minmay_ruined_shrine, uniq_ijyb

Notes
Turn   | Place    | Note
-------+----------+-------------------------------------------
     0 | D:1      | xzight the Hill Orc Fighter began the quest for the Orb.
     0 | D:1      | Reached XP level 1. HP: 19/19 MP: 1/1
    43 | D:1      | Reached skill level 3 in Axes
    43 | D:1      | Reached XP level 2. HP: 17/27 MP: 2/2
   489 | D:1      | Reached XP level 3. HP: 33/33 MP: 3/3
   536 | D:1      | Reached skill level 4 in Fighting
   930 | D:1      | Found a hide-covered altar of Uskayaw.
  1176 | D:2      | Reached skill level 4 in Axes
  1198 | D:2      | Reached XP level 4. HP: 40/40 MP: 4/4
  1270 | D:2      | Noticed Terence
  1279 | D:2      | Killed Terence
  1863 | D:3      | Reached skill level 4 in Armour
  1908 | D:3      | Reached skill level 4 in Shields
  1908 | D:3      | Reached XP level 5. HP: 47/47 MP: 5/5
  2056 | D:3      | Found a faded altar of an unknown god.
  2157 | D:3      | Found a hide-covered altar of Uskayaw.
  2311 | D:4      | Reached skill level 5 in Axes
  2634 | D:4      | Noticed Ijyb
  2654 | D:4      | Killed Ijyb
  2655 | D:4      | Reached XP level 6. HP: 32/55 MP: 6/6
  2810 | D:4      | Reached skill level 5 in Fighting
  2823 | D:4      | HP: 1/56 [orc priest/divine providence (10)]
  2827 | D:4      | Slain by an orc

Vanquished Creatures
  A phantom (D:4)
  A scorpion (D:4)
  A hound (D:4)
  An iguana (D:4)
  Ijyb (D:4)
  Terence (D:2)
  2 adders
  A gnoll (D:1)
  A worm (D:2)
  4 dart slugs
  3 orcs
  4 ball pythons
  6 endoplasms
  4 giant cockroaches
  5 goblins
  6 hobgoblins
  2 jackals (D:4)
  5 quokkas
  7 bats
  7 frilled lizards
  10 kobolds
  5 rats
78 creatures vanquished.

Table legend: (Time is in decaauts)
 A = Elapsed time spent in this place.
 B = Non-inter-level travel time spent in this place.
 C = Inter-level travel time spent in this place.
 D = Time resting spent in this place.
 E = Time spent auto-exploring this place.
 F = Levels seen in this place.
 G = Mean time per level.
                   A        B        C        D        E       F      G
               +--------+--------+--------+--------+--------+-----+--------+
         Total |   2899 |   2806 |     93 |    128 |   2127 |   4 |  724.8 |
       Dungeon |   2899 |   2806 |     93 |    128 |   2127 |   4 |  724.8 |
               +--------+--------+--------+--------+--------+-----+--------+

Top non-repeatable levels by time:
     D:1: 990 daAuts
     D:3: 687 daAuts
     D:4: 618 daAuts
     D:2: 603 daAuts

Table legend:
 A = Non-vault XP
 B = Vault XP
 C = Vault XP percentage of total XP
 D = Non-vault monster count
 E = Vault monster count
 F = Vault count percentage of total count
                 A         B        C        D         E       F
            +---------+---------+-------+---------+---------+-------
      Total |     422 |      74 |  14.9 |      73 |       5 |   6.4
            +---------+---------+-------+---------+---------+-------
        D:1 |      53 |       0 |   0.0 |      24 |       0 |   0.0
        D:2 |      42 |      32 |  43.2 |      17 |       1 |   5.6
        D:3 |      53 |       6 |  10.2 |      22 |       3 |  12.0
        D:4 |     274 |      36 |  11.6 |      10 |       1 |   9.1
            +---------+---------+-------+---------+---------+-------
